 Dungeon Crawl Stone Soup version 0.31-a0-18-gea43df2a32 (webtiles) character file.

Game seed: 1911419830651960373

102 pk666 the Magician (level 4, -1/24 HPs)
             Began as a Deep Elf Hedge Wizard on May 12, 2023.
             Slain by an orc warrior
             ... wielding a +0 hand axe
              (11 damage)
             ... on level 4 of the Dungeon.
             The game lasted 00:04:35 (2143 turns).

pk666 the Magician (Deep Elf Hedge Wizard)          Turns: 2143, Time: 00:04:39

Health: -1/24      AC:  2    Str:  7    XL:     4   Next: 50%
Magic:  10/13      EV: 12    Int: 21    God:
Gold:   106        SH:  0    Dex: 14    Spells: 7/13 levels left

rFire   . . .        a - +0 dagger
rCold   . . .        (no shield)
rNeg    . . .        b - +0 robe
rPois   .            c - +0 hat
rElec   .            (no cloak)
rCorr   .            (no gloves)
SInv    .            (no boots)
Will    .....        (no amulet)
Stlth   ++           (no ring)
HPRegen 0.24/turn    (no ring)
MPRegen 0.13/turn

%: no passive effects
@: on blink cooldown
A: no striking features
a: no special abilities


You were on level 4 of the Dungeon.
You visited 1 branch of the dungeon, and saw 3 of its levels.

You collected 106 gold pieces.

Inventory:

Hand Weapons
 a - a +0 dagger (weapon)
Armour
 b - a +0 robe (worn)
 c - a +0 hat (worn)
Jewellery
 h - a ring of resist corrosion
Scrolls
 e - a scroll of identify {unknown}
 f - a scroll of blinking {unknown}
 g - a scroll of vulnerability {unknown}
 k - a scroll of immolation {unknown}
 m - 2 scrolls of enchant armour {unknown}
Potions
 d - 2 potions of magic
 i - a potion of haste {unknown}
 j - a potion of attraction {unknown}
 l - a potion of mutation {unknown}
 n - a potion of heal wounds {unknown}


   Skills:
 - Level 2.4 Dodging
 - Level 2.4 Stealth
 + Level 5.2 Spellcasting
 + Level 2.4 Conjurations
 - Level 1.1 Summonings
 + Level 2.4 Translocations
 * Level 1.3 Air Magic
 * Level 1.4 Poison Magic


You had 7 spell levels left.
You knew the following spells:

 Your Spells              Type           Power      Damage    Failure   Level
a - Magic Dart            Conj           60%        1d6       4%          1
b - Blink                 Tloc           30%        N/A       6%          2
c - Mephitic Cloud        Conj/Pois/Air  12%        N/A       16%         3

Your spell library contained the following spells:

 Spells                   Type           Power      Damage    Failure   Level
 Call Imp                 Summ           20%        N/A       10%         2
 Slow                     Hex            20%        N/A       11%         1
 Cigotuvi's Dreadful Rot  Necr/Pois/Air  18%        N/A       11%         2
 Portal Projectile        Hex/Tloc       20%        N/A       19%         3
 Tukima's Dance           Hex            5%         N/A       32%         3
 Blade Hands              Tmut           2%         N/A       96%         5


Dungeon Overview and Level Annotations

Branches:
Dungeon (2/15)

Altars:


Message History

You are yanked towards some nearby monsters!
Your surroundings suddenly seem different.
A worm, an ogre, an iguana, a black bear and 3 orcs come into view.
Found a bubbling white potion.
Found an escape hatch in the floor.
The ogre shouts!
The iguana hisses angrily.
The black bear growls angrily.
The orc shouts! x3; You hear a shout! x2
A goblin comes into view. It is wielding a +0 dagger.
Found a stone staircase leading down.
The orc attacks as you move away! The orc completely misses you.
An orc comes into view. It is wielding a +0 short sword.
The orc closely misses you.
Casting: Magic Dart (safe; 4% risk of failure)
Confirm with . or Enter, or press ? or * to list all spells.
You blink.
The goblin hits you but does no damage.
A goblin comes into view. It is wielding a +0 club.
The iguana attacks as you move away! The iguana bites you!
The goblin attacks as you move away! The goblin hits you but does no damage.
The goblin unwields a +0 club.
The goblin wields a +0 sling.
The goblin shoots a sling bullet.
The sling bullet barely misses you.
The sling bullet closely misses the iguana.
The iguana attacks as you move away! The iguana closely misses you.
The goblin attacks as you move away!
The goblin hits you but does no damage. 2 orcs come into view.
Found a human corpse and a runed helmet.
The goblin attacks as you move away! The goblin hits you but does no damage.
The goblin attacks as you move away!
The goblin unwields a +0 sling.
The goblin wields a +0 club.
The goblin closely misses you.
You feel stable enough to blink again.
The goblin unwields a +0 club.
The goblin wields a +0 sling.
The goblin shoots a sling bullet.
The sling bullet barely misses you. The goblin attacks as you move away!
The goblin hits you with a +0 dagger.
An orc warrior comes into view. It is wielding a +0 hand axe.
Found a helmet.
The goblin shoots a sling bullet.
The sling bullet hits you.
Casting: Blink (safe; 6% risk of failure)
Confirm with . or Enter, or press ? or * to list all spells.
You blink. 2 orcs come into view.
The orc shouts!
The orc warrior shouts!
The orc shouts!
The orc warrior hits you with a +0 hand axe!
You die...

####### #.
#.o@..# #.
#o.oo.# #.#
#...[.# ###..
#...†.#
#>...####
###'###
#.!.....#
#...#
#.#.....#
#.g##
#.....w.###.##
#.#..oOo..l.#


You could see an orc warrior, 3 orcs and a goblin.

Vanquished Creatures
  A hound (D:4)
  Robin (D:2)
  2 adders
  4 endoplasms
  5 giant cockroaches (D:1)
  9 goblins
  4 hobgoblins
  3 kobolds
  2 quokkas (D:1)
  4 ball pythons (D:1)
  2 bats (D:1)
  2 frilled lizards (D:1)
  2 rats (D:2)
41 creatures vanquished.

Notes
Turn   | Place    | Note
-------+----------+-------------------------------------------
     0 | D:1      | pk666 the Deep Elf Hedge Wizard began the quest for the
                  | Orb.
     0 | D:1      | Reached XP level 1. HP: 10/10 MP: 7/7
   499 | D:1      | Reached XP level 2. HP: 15/15 MP: 4/9
   552 | D:1      | Learned a level 2 spell: Blink
  1537 | D:2      | Reached XP level 3. HP: 19/19 MP: 8/11
  1538 | D:2      | Reached skill level 5 in Spellcasting
  1541 | D:2      | Noticed Robin
  1643 | D:1      | Learned a level 3 spell: Mephitic Cloud
  1798 | D:2      | Killed Robin
  1943 | D:2      | You fall into a shaft and drop 2 floors!
  1967 | D:4      | Reached skill level 1 in Air Magic
  1967 | D:4      | Reached skill level 1 in Poison Magic
  1967 | D:4      | Reached XP level 4. HP: 23/24 MP: 5/13
  2092 | D:4      | Noticed a scorpion
  2133 | D:4      | Noticed an ogre
  2133 | D:4      | Noticed a black bear
  2142 | D:4      | Noticed an orc warrior
  2143 | D:4      | Slain by an orc warrior

Illustrated notes

Levels and vault maps discovered:
D:1:      evilmike_arrival_home_sweet_home, layout_basic
D:2:      layout_loops_ring, st_stairs_2, uniq_sigmund, uniq_robin
D:4:      layout_basic, nicolae_nh_ransacked_shop

Skill      XL: |  1  2  3 |
---------------+----------+-----
Conjurations   | 2 |  2.4
Translocations | 2 |  2.4
Spellcasting   | 5 |  5.2
Air Magic      | 1 |  1.3
Poison Magic   | 1 |  1.4
Dodging        | |  2.4
Stealth        | |  2.4
Summonings     | |  1.1

Action                     |  1- 3 |  4- 6 || total
---------------------------+-------+-------++-------
  Melee: Dagger            |     6 |       ||     6
   Cast: Magic Dart        |   118 |     5 ||   123
         Blink             |       |     2 ||     2
 Armour: Robe              |     7 |     5 ||    12
  Dodge: Dodged            |    22 |     7 ||    29

Table legend: (Time is in decaauts)
 A = Elapsed time spent in this place.
 B = Non-inter-level travel time spent in this place.
 C = Inter-level travel time spent in this place.
 D = Time resting spent in this place.
 E = Time spent auto-exploring this place.
 F = Levels seen in this place.
 G = Mean time per level.
                   A        B        C        D        E       F      G
               +--------+--------+--------+--------+--------+-----+--------+
         Total |   2143 |   2054 |     89 |    812 |    963 |   3 |  714.3 |
       Dungeon |   2143 |   2054 |     89 |    812 |    963 |   3 |  714.3 |
               +--------+--------+--------+--------+--------+-----+--------+

Top non-repeatable levels by time:
     D:1: 1609 daAuts
     D:2: 334 daAuts
     D:4: 199 daAuts
